 Dungeon Crawl Stone Soup version 0.30-a0-29-g142975f185 (webtiles) character file.

Game seed: 279586110698192286

40 timneilson the Shield-Bearer (level 3, -2/23 HPs)
             Began as a Gargoyle Fighter on Aug 26, 2022.
             Slain by Terence
             ... wielding a +1 flail of draining
              (8 damage)
             ... on level 3 of the Dungeon.
             The game lasted 00:02:17 (1951 turns).

timneilson the Shield-Bearer (Gargoyle Fighter)     Turns: 1951, Time: 00:02:18

Health: -2/23      AC: 10    Str: 21    XL:     3   Next: 50%
Magic:  3/3        EV:  9    Int:  8    God:
Gold:   995        SH:  4    Dex:  9    Spells: 2/2 levels left

rFire   . . .      SeeInvis .    a - +0 long sword
rCold   . . .      Faith    .    c - +0 buckler
rNeg    + . .      Spirit   .    b - +0 scale mail
rPois   ∞          Reflect  .    (no helmet)
rElec   +          Harm     .    (no cloak)
rCorr   .          Rampage  .    (no gloves)
Will    .....                    (no boots)
Stlth   ..........               (no amulet)
HPRegen 0.07/turn                (no ring)
MPRegen 0.08/turn                (no ring)

@: no status effects
A: sickness immunity, AC +3, negative energy resistance 1, electricity
resistance, torment resistance 1, petrification resistance
a: no special abilities


You were on level 3 of the Dungeon.
You visited 1 branch of the dungeon, and saw 3 of its levels.

You collected 995 gold pieces.

Inventory:

Hand Weapons
 a - a +0 long sword (weapon)
Armour
 b - a +0 scale mail (worn)
 c - a +0 buckler (worn)
Potions
 d - a potion of might
 f - 2 potions of heal wounds
 j - a potion of attraction
 k - a potion of degeneration {unknown}
 l - a potion of curing {unknown}
 m - a potion of haste {unknown}


   Skills:
 + Level 3.5 Fighting
 * Level 2.3 Long Blades
 * Level 3.6 Armour
 + Level 0.5 Dodging
 * Level 3.7 Shields


You had 2 spell levels left.
You didn't know any spells.
Your spell library was empty.

Dungeon Overview and Level Annotations

Branches:
Dungeon (3/15)

Altars:

Annotations:
D:3 Terence


Innate Abilities, Weirdness & Mutations

You are immune to sickness and miasma.
Your stone body is resilient. (AC +3)
You are immune to poison.
You resist negative energy. (rN+)
You are resistant to electric shocks. (rElec)
You are resistant to unholy torment.
You are immune to petrification.


Message History

You hit the rat.
You kill the rat!
Terence hits you but does no damage.
You hit Terence but do no damage. Terence closely misses you.
You hit Terence.
Terence is lightly wounded.
Terence barely misses you. x2
You closely miss Terence.
Terence is lightly wounded.
Terence hits you with a +1 flail of draining.
You closely miss Terence.
Terence is lightly wounded.
Terence barely misses you.
You hit Terence.
Terence is heavily wounded.
Terence hits you but does no damage.
Terence hits you with a +1 flail of draining.
You barely miss Terence.
Terence is heavily wounded.
Terence hits you but does no damage.
You barely miss Terence.
Terence is heavily wounded.
Terence closely misses you.
You barely miss Terence.
Terence is heavily wounded.
Terence hits you with a +1 flail of draining.
Terence hits you but does no damage.
You are too injured to fight recklessly!
You are too injured to fight recklessly!
You are too injured to fight recklessly!
You are too injured to fight recklessly!
You are too injured to fight recklessly!
You are too injured to fight recklessly!
You are too injured to fight recklessly!
Terence attacks as you move away!
Terence hits you with a +1 flail of draining.
* * * LOW HITPOINT WARNING * * *
Terence barely misses you.
Terence hits you with a +1 flail of draining!
You die...

#######.#.....<###.###
#.##########
#..........#.#
##########.#.# #.#.#
#.#.# #.#.# #.#.######
#@#)...... #.@.......
#.#.###### #.#.# #####


You could see Terence.

Vanquished Creatures
  2 dart slugs (D:1)
  5 ball pythons
  5 endoplasms
  A giant cockroach (D:1)
  5 goblins
  3 hobgoblins
  3 jackals (D:2)
  2 quokkas (D:1)
  A bat (D:2)
  3 frilled lizards (D:1)
  A kobold (D:1)
  A rat (D:3)
32 creatures vanquished.

Notes
Turn   | Place    | Note
-------+----------+-------------------------------------------
     0 | D:1      | timneilson the Gargoyle Fighter began the quest for the
                  | Orb.
     0 | D:1      | Reached XP level 1. HP: 14/14 MP: 1/1
   258 | D:1      | Reached XP level 2. HP: 10/19 MP: 2/2
   641 | D:1      | Found a faded altar of an unknown god.
   718 | D:1      | Reached XP level 3. HP: 21/23 MP: 3/3
   895 | D:1      | Identified a scroll of acquirement
   895 | D:1      | Acquired 900 gold pieces
  1043 | D:2      | Identified the +7 short sword "Goineog" {freeze, rC+ SInv}
  1933 | D:3      | Noticed Terence
  1951 | D:3      | Slain by Terence

Illustrated notes

Levels and vault maps discovered:
D:1:      ncdulo_halloftheorcs, layout_rooms, chequers_ecumenical_altar_twisty
D:2:      layout_basic, chequers_serial_rivers_small_b
D:3:      layout_basic, serial_bayou_pond_a, uniq_terence

Skill      XL: |  1 |
---------------+----+-----
Long Blades    | 2 |  2.3
Fighting       | |  3.5
Armour         | |  3.6
Dodging        | |  0.5
Shields        | |  3.7

Action                   || total
-------------------------++-------
Melee: Long sword        ||   124
  Use: Scroll            ||     6
Armor: Scale mail        ||    71
Dodge: Dodged            ||    67
Block: Buckler           ||    22

Table legend: (Time is in decaauts)
 A = Elapsed time spent in this place.
 B = Non-inter-level travel time spent in this place.
 C = Inter-level travel time spent in this place.
 D = Time resting spent in this place.
 E = Time spent auto-exploring this place.
 F = Levels seen in this place.
 G = Mean time per level.
                   A        B        C        D        E       F      G
               +--------+--------+--------+--------+--------+-----+--------+
         Total |   1992 |   1962 |     30 |     28 |   1638 |   3 |  664.0 |
       Dungeon |   1992 |   1962 |     30 |     28 |   1638 |   3 |  664.0 |
               +--------+--------+--------+--------+--------+-----+--------+

Top non-repeatable levels by time:
     D:2: 972 daAuts
     D:1: 966 daAuts
     D:3: 54 daAuts
